 Dungeon Crawl Stone Soup version bcrawl-1.32 (webtiles) character file.

Game seed: 14674172840037157152

97214 Morbidden the Sneak (level 3, 20/26 HPs)
             Began as a Demonspawn Archaeologist on July 3, 2021.
             Quit the game on level 2 of the Dungeon.
             The game lasted 00:01:47 (1210 turns).

Morbidden the Sneak (Demonspawn Archaeologist)      Turns: 1210, Time: 00:01:47

Health: 20/26      AC:  8    Str: 12    XL:     3   Next: 0%
Magic:  3/3        EV: 11    Int: 15    God:
Gold:   30         SH:  0    Dex: 11    Spells: 2/2 levels left

rFire    . . .     SeeInvis .   a - +0 dagger
rCold    . . .     Gourm    .   (no shield)
rNeg     . . .     Faith    .   m - +0 ring mail
rPois    .         Spirit   +   d - +1 hat
rElec    .         Reflect  .   j - scarf {Spirit}
rCorr    .         Harm     .   (no gloves)
MR       .....                  i - +1 pair of boots
Stlth    ++........             (no amulet)
HPRegen  0.08/turn              (no ring)
MPRegen  0.08/turn              (no ring)

@: no status effects
A: antennae 1, spiny 1
a: no special abilities


You were on level 2 of the Dungeon.
You were hungry.

You visited 1 branch of the dungeon, and saw 2 of its levels.

You collected 30 gold pieces.

Inventory:

Hand Weapons
 a - a +0 dagger (weapon)
 b - a +0 blowgun
 c - a +1 mace of protection
Missiles
 f - 3 curare-tipped needles
 l - 311 sling bullets
Armour
 d - a +1 hat (worn)
 i - a +1 pair of boots (worn)
 j - a scarf of spirit shield (worn)
 m - a +0 ring mail (worn)
Scrolls
 g - a scroll of magic mapping
 k - a scroll of amnesia {unknown}
 n - a scroll of noise {unknown}
 o - a scroll of remove curse {unknown}
Miscellaneous
 h - a dusty tome
Comestibles
 e - a ration {!d}


   Skills:
 * Level 1.3 Fighting
 - Level 0.8 Maces & Flails
 * Level 3.2 Dodging
 + Level 3.5 Stealth


You had 2 spell levels left.
You didn't know any spells.
Your spell library was empty.

Dungeon Overview and Level Annotations

Branches:
Dungeon (2/12)

Altars:


Innate Abilities, Weirdness & Mutations

You have a pair of small antennae on your head.
You are partially covered in sharp spines.


Message History

The hobgoblin hits you with a +0 club.
You hit the hobgoblin.
The hobgoblin is heavily wounded.
The hobgoblin hits you with a +0 club.
You hit the hobgoblin but do no damage.
The hobgoblin is heavily wounded.
The hobgoblin barely misses you.
You hit the hobgoblin but do no damage.
The hobgoblin is heavily wounded.
The hobgoblin is struck by your spines. The hobgoblin hits you with a +0 club.
You hit the hobgoblin but do no damage.
The hobgoblin is severely wounded.
The hobgoblin is struck by your spines.
You kill the hobgoblin!
You have reached level 3!
Your experience leads to an increase in your attributes!
Increase (S)trength, (I)ntelligence, or (D)exterity?
You feel stronger.
Your demonic ancestry asserts itself...
A pair of antennae grows on your head!
Are you sure you want to abandon this character and quit the game? (Confirm with "yes".)

#.........###+#
#.............##
#...............
#...............
#.......<.......
#.........#.....
#...........#...
#...............
####+##@........
#)........
#.........
...#+###.. ..##
.... .##? .. .


There were no monsters in sight!

Vanquished Creatures
  A worm (D:1)
  A dart slug (D:1)
  4 leopard geckos (D:1)
  A bat (D:1)
  A giant cockroach (D:1)
  4 goblins (D:1)
  2 hobgoblins
  2 frilled lizards (D:1)
  2 rats (D:1)
18 creatures vanquished.

Notes
Turn   | Place    | Note
-------+----------+-------------------------------------------
     0 | D:1      | Morbidden the Demonspawn Archaeologist began the quest for
                  | the Orb.
     0 | D:1      | Reached XP level 1. HP: 15/15 MP: 1/1
   166 | D:1      | Gained mutation: You are partially covered in sharp spines.
                  | [demonic ancestry]
   166 | D:1      | Reached XP level 2. HP: 16/21 MP: 2/2
  1210 | D:2      | Gained mutation: You have a pair of small antennae on your
                  | head. [demonic ancestry]
  1210 | D:2      | Reached XP level 3. HP: 20/26 MP: 3/3
  1210 | D:2      | Quit the game

Skill      XL: |  1  2 |
---------------+-------+-----
Dodging        | 3 |  3.2
Fighting       | |  1.3
Maces & Flails | |  0.8
Stealth        | |  3.5

Action                   || total
-------------------------++-------
Melee: Whip              ||    30
       Dagger            ||    38
 Fire: Blowgun           ||     3
 Stab: Sleeping          ||     1
  Eat: Chunk             ||     2
Armor: Robe              ||     9
       Ring mail         ||     8
Dodge: Dodged            ||    28
